Cogmind - Beta 14 @@@ ROGUE MODE // 2024.09.26 @ 15:40:25 Player: Connor Result: Destroyed by as-98241 with Assembled Blade Performance ------------- Evolutions (0) 0 Regions Visited (2) 400 Robots Destroyed (15) 75 Value Destroyed (341) 341 Prototype IDs (0) 0 Alien Tech Used (0) 0 Bonus (0) 0 TOTAL SCORE: 816 Bonus ------- None Cogmind --------- Core Integrity 0/250 Matter 91/300 Energy 100/100 System Corruption 10% Temperature Cool (0) Movement Core (100) Ox1 Location -10/Mines Parts ------- > --- POWER (1) -------- (None) > --- PROPULSION (2) --- (None) > --- UTILITY (2) ------ Small Storage Unit Utility Shielding > --- WEAPON (2) ------- (None) > --- INVENTORY (8) ---- Structural Scanner Assault Rifle Assault Rifle Grenade Launcher Peak State ------------ > --- POWER ------------ Light Ion Engine > --- PROPULSION ------- Light Treads Light Treads > --- UTILITY ---------- Small Storage Unit Structural Scanner > --- WEAPON ----------- EM Pulse Gun Assault Rifle > --- INVENTORY -------- Light Ion Engine Aluminum Leg Aluminum Leg Compact Wheel Compact Wheel Assault Rifle [Rating: 7] Favorites ----------- Power Light Ion Engine Engine Light Ion Engine Propulsion Light Treads Treads Light Treads Leg Aluminum Leg Utility Small Storage Unit Device Structural Scanner Storage Small Storage Unit Protection Utility Shielding Weapon Grenade Launcher Energy Gun EM Pulse Gun Ballistic Gun Assault Rifle Launcher Grenade Launcher Build | -11 -10 -10 ------- Run | Yrd Mat Min Slots Evolved . | . . . Power . | . . . Propulsion . | . . . Utility . | . . . Weapon . | . . . Parts Attached 24 | 6 14 4 Power 3 | 1 1 1 Engine 3 | 1 1 1 Core . | . . . Reactor . | . . . Propulsion 6 | 2 2 2 Treads 4 | 2 2 . Leg 2 | . . 2 Wheel . | . . . Hover . | . . . Flight . | . . . Utility 8 | 1 7 . Device 2 | . 2 . Storage 4 | 1 3 . Processor . | . . . Hackware . | . . . Protection 2 | . 2 . Artifact . | . . . Weapon 7 | 2 4 1 Energy Gun 2 | 1 . 1 Energy Cannon . | . . . Ballistic Gun 2 | 1 1 . Ballistic Cannon . | . . . Launcher 3 | . 3 . Special Weapon . | . . . Impact Weapon . | . . . Slashing Weapon . | . . . Piercing Weapon . | . . . Special Melee Weapon . | . . . Unidentified Prototypes . | . . . Parts Lost 5 | . 1 4 Power 2 | . 1 1 Propulsion 2 | . . 2 Utility . | . . . Weapon 1 | . . 1 Highest Loss Streak 3 | . 1 3 To Critical Strikes . | . . . Average Slot Usage (%) 93 | . 97 76 Engine 13 | . 13 12 Treads 22 | . 27 1 Leg 4 | . . 23 Device 3 | . 4 . Storage 14 | . 14 14 Protection 9 | . 8 14 Energy Gun 6 | . 6 6 Ballistic Gun 7 | . 8 1 Launcher 10 | . 12 1 Peak Build Rating 7 | 6 7 7 Average Rating 6 | 4 6 5 On Entrance 4 | . 6 6 Naked Turns 1 | . 1 . Heaviest Build 16 | 12 16 14 Greatest Support 40 | 40 40 40 Greatest Overweight (x) 1 | . 1 . Average Overweight (x) . | . . . Largest Inventory Capacity 20 | 8 20 8 Average Capacity 7 | 6 8 8 Most Carried 8 | 6 8 5 Average Carried 6 | 3 7 4 Final Capacity 8 | 8 8 8 Final Carried 6 | 6 6 4 Class Distribution -------------------- 100% | Mutant Dominant Class ---------------- Mutant | -10/Materials Mutant | -10/Mines Resources | -11 -10 -10 ----------- Run | Yrd Mat Min Matter Collected 418 | 213 161 44 Remotely . | . . . Salvage Created 324 | . 280 44 Parts 32 | . 27 5 Haulers Intercepted 1 | . 1 . Recyclers Shooed 1 | . 1 . Parts Field Recycled . | . . . Retrieved Matter . | . . . Parts Self-Destructed . | . . . Prevented . | . . . Kills | -11 -10 -10 ------- Run | Yrd Mat Min Combat Hostiles Destroyed 11 | . 6 5 Melee 1 | . . 1 Guns 1 | . . 1 AOE 9 | . 6 3 Classes Destroyed 6 | . 4 2 Builder 4 | . 4 . Hauler 1 | . 1 . Recycler 1 | . 1 . Swarmer 3 | . . 3 Grunt 6 | . 6 . Assembled 2 | . . 2 Best Kill Streak 4 | . 4 3 Combat Bots Only 3 | . 2 3 Max Kills in Single Turn 3 | . 2 3 Gunslinging . | . . . Exploded 3 | . 2 3 Melee 1 | . . 1 Uniques/NPCs Destroyed . | . . . Combat | -11 -10 -10 -------- Run | Yrd Mat Min Hostile Shots Fired 101 | . 54 47 Missed 37 | . 20 17 Damage Taken 1029 | . 393 636 Core 257 | . 10 247 Absorbed by Shields . | . . . Redirected to Shielding 40 | . 3 37 Core Remaining (%) 100 | 100 . . Volleys Fired 29 | . 18 11 Largest 2 | . 2 2 Hottest 70 | . 70 50 Shots Fired 49 | . 37 12 Gun 30 | . 19 11 Cannon . | . . . Launcher 19 | . 18 1 Special . | . . . Kinetic 15 | . 14 1 Thermal . | . . . Explosive 19 | . 18 1 Electromagnetic 15 | . 5 10 Robot Hit Streak 8 | . 8 2 Robot Miss Streak 2 | . 2 2 Penetration Max . | . . . Secondary Targets . | . . . Shots Hit Robots 26 | . 21 5 Core Hits 40 | . 25 15 Critical Kills . | . . . Critical Parts Destroyed . | . . . Critical Strikes 1 | . 1 . Corrupt 1 | . 1 . Melee Attacks . | . . . Impact . | . . . Slashing . | . . . Piercing . | . . . Sneak Attacks . | . . . Combat Hostiles . | . . . Follow-up Attacks . | . . . Damage Inflicted 1196 | . 989 207 Guns 217 | . 162 55 Cannons . | . . . Explosions 953 | . 826 127 Melee . | . . . Ramming 26 | . 1 25 Kinetic 122 | . 122 . Thermal . | . . . Explosive 953 | . 826 127 Electromagnetic 95 | . 40 55 Impact . | . . . Slashing . | . . . Piercing . | . . . Highest Corruption 10 | . 5 10 Average Corruption 3 | . 2 5 Corruption Purged . | . . . Corruption Blocked . | . . . Effects 10 | . 6 4 Message Errors 1 | . . 1 Matter Fused 4 | . 3 1 Heat Flow Errors 2 | . 1 1 Energy Discharges 2 | . 1 1 Misfires 1 | . 1 . Overload Shots . | . . . Overflow Damage 4 | . 4 . Projectiles . | . . . Explosions 4 | . 4 . Melee . | . . . Knockbacks . | . . . Impact . | . . . Kinetic . | . . . Secondary . | . . . Self-Inflicted Damage 19 | . 19 . Shots 1 | . 1 . Rammed 1 | . 1 . Targets Rammed 18 | . 1 17 Kicked 17 | . . 17 Crushed . | . . . Highest Temperature 248 | . 142 248 Average Temperature 41 | . 22 93 Received Heat Transfer 263 | . 183 80 Siege Activations . | . . . Robots Corrupted . | . . . Combat Hostiles . | . . . Parts Fried . | . . . Impact Corruptions . | . . . Robots Melted . | . . . Combat Hostiles . | . . . Parts Melted . | . . . Heat Transferred . | . . . Parts Sabotaged . | . . . Parts Stolen . | . . . Parts Stripped . | . . . Power Chain Reactions . | . . . Alert | -11 -10 -10 ------- Run | Yrd Mat Min Peak Influence 206 | . 206 152 Initial 60 | . . 60 Average 74 | . 68 144 Maximum Alert Level 1 | . 1 . Low Security (%) 96 | 100 95 100 Level 1 3 | . 4 . Level 2 . | . . . Level 3 . | . . . Level 4 . | . . . Level 5 . | . . . High Security . | . . . Max Security . | . . . Squads Dispatched . | . . . Investigation . | . . . Extermination . | . . . Reinforcement . | . . . Assault . | . . . Garrison . | . . . Intercept . | . . . Searches Triggered . | . . . Construction Impeded . | . . . Haulers Reinforced . | . . . Active Scanning Responses . | . . . Cargo Convoy Interrupts . | . . . Stealth | -11 -10 -10 --------- Run | Yrd Mat Min Distress Signals . | . . . Communications Jammed . | . . . Distress Signals . | . . . Times Spotted 26 | . 15 11 Peak Tracking Total 6 | . 6 5 Tactical Retreats 3 | . 1 2 Traps | -11 -10 -10 ------- Run | Yrd Mat Min Traps Triggered 3 | . 3 . Indirectly . | . . . Trap Hack Attempts . | . . . Triggered . | . . . Disarmed . | . . . Reprogrammed . | . . . Reused . | . . . Traps Extracted . | . . . Installed . | . . . Triggered . | . . . Machines | -11 -10 -10 ---------- Run | Yrd Mat Min Machines Disabled 4 | . 3 1 Max in Single Turn 1 | . 1 1 Machines Repaired . | . . . Machines Dismantled . | . . . Machines Sabotaged . | . . . Overloaded Fab Kills . | . . . Hacking | -11 -10 -10 --------- Run | Yrd Mat Min Machines Accessed 1 | . 1 . Terminals 1 | . 1 . Fabricators . | . . . Repair Stations . | . . . Recycling Units . | . . . Scanalyzers . | . . . Garrison Access . | . . . Total Hacks 1 | . 1 . Successful 1 | . 1 . Failed . | . . . Catastrophic . | . . . Database Lockouts . | . . . Manual . | . . . Terminals 1 | . 1 . Fabricators . | . . . Repair Stations . | . . . Recycling Units . | . . . Scanalyzers . | . . . Garrison Access . | . . . Terminal Hacks 1 | . 1 . Record 1 | . 1 . Fabricator Hacks . | . . . Repair Station Hacks . | . . . Recycling Unit Hacks . | . . . Scanalyzer . | . . . Garrison Access Hacks . | . . . Unauthorized Hacks . | . . . Terminals . | . . . Fabricators . | . . . Repair Stations . | . . . Recycling Units . | . . . Scanalyzers . | . . . Garrison Access . | . . . Data Cores Recovered . | . . . Used . | . . . Hacking Detections . | . . . Full Trace Events . | . . . Feedback Events . | . . . Feedback Blocked . | . . . Robot Schematics Acquired . | . . . Robots Built . | . . . Authchips . | . . . Time . | . . . Total Robot Build Rating . | . . . Part Schematics Acquired . | . . . Parts Built . | . . . Authchips . | . . . Time . | . . . Total Part Build Rating . | . . . Parts Repaired . | . . . Time . | . . . Parts Recycled . | . . . Recycled Matter . | . . . Retrieved Matter . | . . . Retrieved Components . | . . . Parts Scanalyzed . | . . . Part Schematics Acquired . | . . . Parts Damaged . | . . . Bothacking | -11 -10 -10 ------------ Run | Yrd Mat Min Used RIF Installer . | . . . Robots Hacked . | . . . Non-combat . | . . . Combat . | . . . Robot Hacks Applied . | . . . Relay Couplers Released . | . . . Fabnet Peak Effective % . | . . . Robots Rewired . | . . . Allies Hacked . | . . . Hacks Repelled . | . . . Allies | -11 -10 -10 -------- Run | Yrd Mat Min Total Allies . | . . . Largest Group . | . . . Highest-Rated Group . | . . . Highest-Rated Ally . | . . . Total Orders . | . . . Ally Attacks . | . . . Total Damage . | . . . Kills . | . . . Allies Corrupted . | . . . Allies Melted . | . . . Intel | -11 -10 -10 ------- Run | Yrd Mat Min Robot Analysis Total . | . . . Derelict Logs Recovered 1 | . . 1 Drone Launches . | . . . Drone Recoveries . | . . . Exploration | -11 -10 -10 ------------- Run | Yrd Mat Min Turns Passed 995 | 110 711 174 Spaces Moved 539 | 60 393 86 Core 6 | 3 3 . Treads 453 | 57 390 6 Legs 80 | . . 80 Wheels . | . . . Hover . | . . . Flight . | . . . Fastest Speed 50 | 50 50 120 Average Speed 153 | 154 159 122 Slowest Speed 160 | 160 160 160 Overloaded Moves . | . . . Propulsion Burnouts . | . . . Robots Hopped . | . . . Cave-ins Triggered . | . . . Exploration Rate (%) 25 | 4 55 18 Regions Visited 2 Branch Regions 1 Pre-discovered Areas . | . . . Known Exits Taken . | . . . Unknown Exits Taken 2 | 1 1 . Scrap Searched . | . . . Spaces Dug . | . . . Terrain Destroyed 100 | . 93 7 Melee . | . . . Projectile . | . . . AOE 100 | . 93 7 Terrain Rammed . | . . . Walls Destroyed . | . . . Machines Disabled . | . . . Actions | -11 -10 -10 --------- Run | Yrd Mat Min Total 651 | 74 437 140 Wait 22 | 3 1 18 Move 537 | 59 392 86 Hop . | . . . Pick Up 12 | 6 6 . Fast Attach 15 | 6 9 . Attach 3 | . 1 2 Detach 3 | . 1 2 Swap 6 | . 4 2 Drop 6 | . 4 2 Fire 29 | . 18 11 Melee . | . . . Ram . | . . . Kick 17 | . . 17 Crush 1 | . 1 . Escape Stasis . | . . . Rewire . | . . . Trap . | . . . Miscellaneous . | . . . Route ------- -11/Scrapyard -10/Materials -10/Mines History --------- Turn | Location | Event 16 | -11/Scrapyard | Discovered new exit (range 13) 111 | -11/Scrapyard | Entered Materials 304 | -10/Materials | Build established: Mutant 436 | -10/Materials | Released all parts (7) 806 | -10/Materials | Discovered new exit (range 11) 822 | -10/Materials | Entered Mines 845 | -10/Mines | Met a Derelict bent on vengeance 849 | -10/Mines | Learned Materials trap positions 862 | -10/Mines | Assembled infested the area 867 | -10/Mines | Assisted by a Guerilla fighting off Assembled 977 | -10/Mines | System corruption reached 10% 985 | -10/Mines | Core integrity fell below 50% 995 | -10/Mines | Core integrity fell below 20% 996 | -10/Mines | Destroyed by as-98241 with Assembled Blade Last Messages --------------- System corrupted: Matter fused (-5). as-86823 destroyed. as-66004 misfires. EM Pulse Gun destroyed. Kicked as-66004 out of the way. Acquired 18 matter. Kicked as-66004. Kicked as-66004 out of the way. Kicked as-66004. as-66004 destroyed. Acquired 2 matter. Kicked as-98241. Kicked as-98241 out of the way. Kicked as-98241. Kicked as-98241 out of the way. System corrupted: Heat flow error (+266). Lgt. Ion Engine destroyed. System corrupted by crushing effect (+5). Knocked back. Aluminum Leg destroyed. Map ----- +----------------------------------------------------+ | | | ??????????????????????????????????????????? | | ??????????????????????????????????????????? | | ??????????????????????????????????????????? | | ??????????????????????????????????????????? | | ??????????????????????????????????????????? | | ??????????????????????????????????????????? | | ??????????????????????????????????????????? | | ??????????????????????????????????????????? | | ??????????????????????????????????????????? | | ??????????????????????????????????????????? | | ??????????????????????????????????????????? | | ??????????????????????????????????????????? | | ??????????????????????????????????????????? | | ??????????????????????????????????????????? | | ??????????????????????????????????????????? | | ??????????????????????????????????????????? | | ??????????????????????????????????????????? | | ??????????????????????????????????????????? | | ?????????????????#????????????????????????? | | ????????????????? ?????????????????## ##??? | | ????????????????? ##???????????????# #??? | | ?????????####???? ???????????????# #??? | | ????????## ##???#a#???????????????# ##### | | ???????## #???#a#???????????????## # | | ???????# ##??#@#????????????????# # """ | | ???????# ####a#????????????????# # """ | | ???????# ##a#????????????#??## # | | ???????## ##???????????# ## = [ | | ????????# ## " #???????????# =* | | ????????# ### #???????????#### ### == | | ????????# #?## #??????????????# #?## # | | ????????# #??#### ##??????????????# #??# # | | ????????# #?????####????############ #### # | | ????????# #?????####????# # | | ????????# ####### ##???# ########## ###### | | ????????# ##??# #????????# #????? | | ????????######## ##?# #????????# #????? | | ???????????????# ### ####?????# #????? | | ???????????????## #?????# #????? | | ????????????????## ## ##?????# #????? | | ?????????????????###### ##??????# ????? | | ??????????????????????######??????? ????? | | ??????????????????????????????????? ????? | | ??????????????????????????????????? ????? | | ???????????????????????????????????###????? | | ??????????????????????????????????????????? | | ??????????????????????????????????????????? | | ??????????????????????????????????????????? | | ??????????????????????????????????????????? | +----------------------------------------------------+ Best States ------------- Heat Dissipation 25 Energy Generation 10 Energy Capacity 125 Matter Stores 300 Matter Capacity 300 Sight Range 16 Terrain Scan Density 10 Armor Coverage 150 Utility Shielding 33 Evasion (%) 55 Recoil Reduction 2 Item Schematics ----------------- None Robot Schematics ------------------ None Fabricated ------------ Nothing Alien Tech Used ----------------- None Achievements -------------- None Challenges ------------ None Game ------ Seed SignalScatterEngine Manual? 0 Play Time 00:16:55 Cumulative 4.0 hours Start 2024.09.26 @ 15:24:28 End 2024.09.26 @ 15:40:25 Sessions 1 Manual Loads 0 Difficulty Rogue Special Mode None Game No. 7 Rogue 6 Adventurer 0 Explorer 1 Win Type - Total 0 Types 0/0/0/0/0/0/0/0/0 Lore% 2 Gallery% 8 Achievement% 9 Wizard Run 0 Options --------- Layout 1 ASCII 0 Keyboard 1 Movement Arrows Keybinds 0 Fullscreen 1 Font 24/Smallcaps Map View 50x35 Zoom Use 21% Tactical HUD 0 Map Filters NONE Filters NONE Steam 1 RUN: 1cabb718-c558-4afe-81aa-22d84ff72521